 Dungeon Crawl Stone Soup version 0.27-a0-797-g27d10ad80f (webtiles) character file.

Game seed: 3249079145928910770

709 dickylongcocking the Twirler (level 7, 0/54 HPs)
             Began as a Djinni Gladiator on Mar 27, 2021.
             Slain by a scorpion (7 damage)
             ... on level 5 of the Dungeon.
             The game lasted 00:04:01 (5468 turns).

dickylongcocking the Twirler (Djinni Gladiator)     Turns: 5468, Time: 00:04:02

Health: 0/54       AC:  4    Str: 14    XL:     7   Next: 68%
Gold:   222        EV: 12    Int: 11    God:
                   SH:  0    Dex: 14

rFire    + + +     SeeInvis .   a - +0 quarterstaff
rCold    . . .     Faith    .   (shield currently unavailable)
rNeg     . . .     Spirit   .   b - +0 leather armour
rPois    ∞         Reflect  .   c - +0 helmet
rElec    +         Harm     .   (no cloak)
rCorr    +         Rampage  .   (no gloves)
Will     .....                  (boots unavailable)
Stlth    +.........             (no amulet)
HPRegen  0.18/turn              (no ring)
MPRegen  0.00/turn              (no ring)

@: resistant, attractive, flying
A: fire resistance 2, cold vulnerability 1, float, innate caster, hp casting,
extra vitality 1
a: no special abilities


You were on level 5 of the Dungeon.
You visited 1 branch of the dungeon, and saw 5 of its levels.

You collected 222 gold pieces.

Inventory:

Hand Weapons
 a - a +0 quarterstaff (weapon)
Armour
 b - a +0 leather armour (worn)
 c - a +0 helmet (worn)
Jewellery
 h - a ring of fire
 p - a ring of magical power
Wands
 l - a wand of polymorph (9)
Scrolls
 d - 2 scrolls of enchant armour {unknown}
 e - 4 scrolls of teleportation {unknown}
 f - 4 scrolls of identify {unknown}
 j - 2 scrolls of holy word {unknown}
 k - a scroll of silence {unknown}
 m - a scroll of enchant weapon {unknown}
 n - a scroll of amnesia {unknown}
 q - a scroll of fear {unknown}
 s - a scroll of immolation {unknown}
Potions
 u - a potion of flight


   Skills:
 * Level 5.1 Fighting
 * Level 5.6 Staves
 - Level 1.5 Throwing
 * Level 3.5 Armour
 - Level 3.2 Dodging


You couldn't memorise any spells.
You knew the following spells:

 Your Spells              Type           Power      Damage    Failure   Level
a - Pain                  Necr           0%         1d4       41%         1
b - Slow                  Hex            0%         N/A       54%         2
c - Ozocubu's Armour      Ice            0%         N/A       78%         3
Your spell library was empty.

Dungeon Overview and Level Annotations

Branches:
Dungeon (5/15)
 Temple: D:4-7

Altars:
Dithmenos
Sif Muna
Uskayaw
The Shining One

Shops:
D:1 :


Innate Abilities, Weirdness & Mutations

You are immune to poison.
Your flesh is very heat resistant. (rF++)
You are vulnerable to cold. (rC-)
You float through the air rather than walking.
You learn spells naturally, not from books.
Your magical power is your life essence.
You have superior vitality. (+4 HP)


Message History

The black bear claws you but does no damage.
The black bear barely misses you. The black bear claws you.
* * * LOW HITPOINT WARNING * * *
The black bear claws you.
* * * LOW HITPOINT WARNING * * *
Unknown command.
Aiming: Mindburst
Press: ? - help, Shift-Dir - straight line, f/p - black bear
Aim: a black bear (severely wounded, berserk, chance to affect: 65%)
The black bear's mind is blasted!!
You blow up the black bear!
The now-empty wand crumbles to dust.
Your Fighting skill increases to level 5!
Unknown command.
Okay, then.
Okay, then.
Casting: Pain (safe; 41% risk of failure)
Confirm with . or Enter, or press ? or * to list all spells.
Okay, then.
Okay, then.
You hit the scorpion.
The scorpion is lightly wounded.
The scorpion closely misses you.
You completely miss the scorpion.
The scorpion is lightly wounded.
The scorpion stings you.
* * * LOW HITPOINT WARNING * * *
You barely miss the scorpion.
The scorpion is lightly wounded.
The scorpion misses you.
You closely miss the scorpion.
The scorpion is lightly wounded.
The scorpion misses you.
You barely miss the scorpion.
The scorpion is lightly wounded.
The scorpion stings you but does no damage.
You closely miss the scorpion.
The scorpion is lightly wounded.
The scorpion stings you!
You die...

...........# #. #.#.#.#.#.
...........##.# #.#.#.#.#.#
...........#.# #.#.#.#.#.#.
........$...# #.#.#.#.#.#.#
...........#.#.#.#.#.#.#†#.
##...........##.#.#.#.#.#.#.#
.............#.#.#.#.#.#.#.#.
...######.#####.#.#.#.#.#.#.#
.........>.s@..#.#.#.#.# .#.
..........#####.#.#.#.# #
.........####.# .#.#
.##.........#. .#
#...######.# #..........#
#..........# #..........#
##.._......#


You could see a scorpion.

Vanquished Creatures
  2 black bears
  A water moccasin zombie (D:5)
  A scorpion (D:5)
  A bullfrog zombie (D:5)
  4 hounds
  An orc priest (D:5)
  An iguana (D:5)
  An orc wizard (D:4)
  2 killer bee zombies
  A hound zombie (D:3)
  A hound skeleton (D:4)
  3 gnolls (D:5)
  2 adders
  2 worms (D:3)
  2 dart slugs
  5 orcs
  10 endoplasms
  3 giant cockroaches
  2 goblins
  4 hobgoblins
  5 jackals
  8 quokkas
  5 ball pythons
  4 bats
  3 frilled lizards
  5 kobolds
  5 rats
84 creatures vanquished.

Vanquished Creatures (others)
  An orc wizard (D:4)
1 creature vanquished.

Grand Total: 85 creatures vanquished

Notes
Turn   | Place    | Note
-------+----------+-------------------------------------------
     0 | D:1      | dickylongcocking the Djinni Gladiator began the quest for
                  | the Orb.
     0 | D:1      | Reached XP level 1. HP: 18/18 MP: 0/0
    40 | D:1      | Found Huxtof's Book Shop.
   568 | D:1      | Reached XP level 2. HP: 23/23 MP: 0/0
  1246 | D:2      | Reached XP level 3. HP: 10/28 MP: 0/0
  1246 | D:2      | Learned a level 1 spell: Pain
  1581 | D:2      | Found a glowing golden altar of the Shining One.
  1610 | D:2      | Found a hide-covered altar of Uskayaw.
  1916 | D:3      | Noticed a black bear
  1925 | D:3      | Killed a black bear
  1926 | D:3      | Reached XP level 4. HP: 28/35 MP: 0/0
  1926 | D:3      | Reached XP level 5. HP: 32/40 MP: 0/0
  1926 | D:3      | Learned a level 2 spell: Slow
  2221 | D:3      | Reached skill level 1 in Armour
  3089 | D:3      | Reached XP level 6. HP: 39/47 MP: 0/0
  3324 | D:4      | Found a shadowy altar of Dithmenos.
  3844 | D:4      | Reached skill level 5 in Staves
  4319 | D:5      | Entered Level 5 of the Dungeon
  4578 | D:5      | Reached XP level 7. HP: 28/53 MP: 0/0
  4578 | D:5      | Learned a level 3 spell: Ozocubu's Armour
  5102 | D:5      | HP: 3/79 [orc/+0 mace (1)]
  5419 | D:5      | Found a glowing golden altar of the Shining One.
  5463 | D:5      | Reached skill level 5 in Fighting
  5468 | D:5      | Slain by a scorpion

Illustrated notes

Levels and vault maps discovered:
D:1:      amcnicky_arrival_abandoned_market, layout_rooms, serial_shops, shop
D:2:      layout_basic, tso_oasis_becter, general_overflow_altar
D:3:      layout_basic, old_standard_altar
D:4:      layout_cave_pools, nicolae_dithmenos_shadow_blocks,
          kennysheep_generic_room_14
D:5:      layout_basic, kennysheep_little_box,
          lemuel_zombie_altar_kikubaaqudgha, nemelex_altar_shiori, basic_altar

Skill      XL: |  1  2  3  4  5  6  7 |
---------------+----------------------+-----
Staves         | 3 4 5 |  5.6
Fighting       | 3 4 5 |  5.1
Armour         | 1 2 3 |  3.5
Throwing       | |  1.5
Dodging        | |  3.2

Action                   |  1- 3 |  4- 6 |  7- 9 || total
-------------------------+-------+-------+-------++-------
Melee: Quarterstaff      |    75 |   165 |    36 ||   276
       Unarmed           |       |    23 |    17 ||    40
Throw: Throwing net      |     1 |     3 |       ||     4
 Cast: Pain              |       |     1 |       ||     1
Evoke: Wand              |       |       |     4 ||     4
  Use: Potion            |       |     5 |     7 ||    12
 Stab: Held in net/web   |     1 |     1 |       ||     2
Armor: Leather armour    |    24 |    45 |    10 ||    79
       Skin              |       |    23 |    18 ||    41
Dodge: Dodged            |    51 |   138 |    37 ||   226

Table legend: (Time is in decaauts)
 A = Elapsed time spent in this place.
 B = Non-inter-level travel time spent in this place.
 C = Inter-level travel time spent in this place.
 D = Time resting spent in this place.
 E = Time spent auto-exploring this place.
 F = Levels seen in this place.
 G = Mean time per level.
                   A        B        C        D        E       F      G
               +--------+--------+--------+--------+--------+-----+--------+
         Total |   5484 |   5430 |     54 |   1295 |   3411 |   5 | 1096.8 |
       Dungeon |   5484 |   5430 |     54 |   1295 |   3411 |   5 | 1096.8 |
               +--------+--------+--------+--------+--------+-----+--------+

Top non-repeatable levels by time:
     D:3: 1343 daAuts
     D:5: 1147 daAuts
     D:2: 1096 daAuts
     D:4: 1087 daAuts
     D:1: 809 daAuts
